 Dungeon Crawl Stone Soup version 0.29.0-4-gdea44cf6ec (webtiles) character file.

Game seed: 4409153396391738115

16205 qw the Cleaver (level 12, 0/77 HPs)
             Began as a Gargoyle Berserker on Sept 5, 2022.
             Was an Elder of Trog.
             Killed from afar by an oklob plant (1 damage)
             ... with a splash of acid
             ... on level 1 of the Lair of Beasts.
             The game lasted 00:05:25 (14292 turns).

qw the Cleaver (Gargoyle Berserker)                Turns: 14292, Time: 00:05:26

Health: 0/77       AC: 23    Str: 43    XL:     12   Next: 35%
Magic:  12/12      EV:  9    Int: 11    God:    Trog [****..]
Gold:   378        SH:  5    Dex:  9    Spells: 11/11 levels left

rFire   . . .      SeeInvis .   d - +5 hand axe of the Charming Augurer {protect, Fly rC+}
rCold   + . .      Faith    .   f - +0 buckler
rNeg    + + .      Spirit   .   a - +0 plate armour
rPois   inf        Reflect  .   b - -1 helmet "Yreixta" {Will+ Str+6}
rElec   +          Harm     .   s - +0 cloak
rCorr   .          Rampage  .   e - +2 pair of gloves
Will    ++...                   c - +1 pair of boots
Stlth   ..........              (no amulet)
HPRegen 0.22/turn               i - ring of the Inviting Gods {rN+ Str+6 Int+2}
MPRegen 0.13/turn               o - +6 ring of strength

@: corroded, flying
A: sickness immunity, AC +8, negative energy resistance 1, electricity
resistance, torment resistance 1, petrification resistance, strong-willed 1
a: Renounce Religion, Berserk, Trog's Hand, Brothers in Arms


You were on level 1 of the Lair of Beasts.
You worshipped Trog.
Trog was greatly pleased with you.
You visited 2 branches of the dungeon, and saw 12 of its levels.

You collected 645 gold pieces.
You spent 267 gold pieces at shops.


Innate Abilities, Weirdness & Mutations

You are immune to sickness and miasma.
Your stone body is resilient. (AC +8)
You are immune to poison.
You resist negative energy. (rN+)
You are resistant to electric shocks. (rElec)
You are resistant to unholy torment.
You are immune to petrification.
You are strong-willed. (Will+)


   Skills:
 - Level 10.0 Fighting
 + Level 13.0 Axes
 - Level 2.1 Throwing
 - Level 10.0 Armour
 - Level 3.1 Dodging
 - Level 6.1 Shields


You had 11 spell levels left.
You didn't know any spells.
Your spell library was empty.

Inventory:

Hand Weapons
 d - the +5 hand axe of the Charming Augurer (weapon) {protect, Fly rC+}
   (You acquired it on level 1 of the Dungeon)

   It grants its wielder temporary protection when it strikes (+7 to AC).
   rC:        It protects you from cold.
   Fly:       It grants you flight.
 g - a +0 morningstar of flaming
 x - a +0 war axe
Missiles
 r - 6 boomerangs (quivered)
Armour
 a - a +0 plate armour (worn)
 b - the -1 helmet "Yreixta" (worn) {Will+ Str+6}
   (You acquired it on level 1 of the Dungeon)

   Str:       It affects your strength (+6).
   Will:      It increases your willpower.
 c - a +1 pair of boots (worn)
 e - a +2 pair of gloves (worn)
 f - a +0 buckler (worn)
 s - a +0 cloak (worn)
Jewellery
 h - a ring of fire
 i - the ring of the Inviting Gods (left hand) {rN+ Str+6 Int+2}
   (You acquired it on level 6 of the Dungeon)

   [ring of strength]

   Str:       It affects your strength (+6).
   Int:       It affects your intelligence (+2).
   rN:        It protects you from negative energy.
 o - a +6 ring of strength (right hand)
 q - a ring of see invisible
Scrolls
 j - 3 scrolls of identify
Potions
 k - a potion of might
 l - a potion of curing
 m - 2 potions of cancellation
 n - 6 potions of haste
 p - 2 potions of mutation

Dungeon Overview and Level Annotations

Branches:
Dungeon (11/15)            Temple (0/1) D:7            Lair (1/5) D:11
    Orc: D:9-12

Altars:
Ashenzari
Dithmenos
Elyvilon
Fedhas
Hepliaklqana
Kikubaaqudgha
Okawaru
Qazlal
Sif Muna
Trog
Xom
Yredelemnul
Zin

Shops:
D:1 [   D:5 [([*   D:8 [   D:11 *

Annotations:
D:4 1 runed translucent door, Crazy Yiuf
D:11 3 runed translucent doors


Message History

The oklob plant spits acid at you.
The splash of acid hits you but does no damage.
The oklob plant spits acid at you. The splash of acid hits you!
The oklob plant spits acid at you. The splash of acid misses you.
The oklob plant spits acid at you. The splash of acid hits you!!
14257 ||| DRINKING potion of heal wounds.
You feel much better. The oklob plant spits acid at you.
The splash of acid hits you! The oklob plant spits acid at you.
The splash of acid hits you but does no damage.
The acid corrodes you!
14261 ||| DRINKING 3 potions of cancellation.
Your magical effects are unravelling.
You feel magically purged.
You are no longer corroded.
The oklob plant spits acid at you. The splash of acid hits you!
The acid corrodes you! The oklob plant spits acid at you.
You block the splash of acid.
You hear the faint crackling of a very distant melting archway.
The oklob plant spits acid at you. The splash of acid misses you.
The oklob plant spits acid at you.
The splash of acid hits you but does no damage.
The acid corrodes you! The oklob plant spits acid at you.
The splash of acid hits you but does no damage.
The oklob plant spits acid at you.
The splash of acid hits you but does no damage.
The oklob plant spits acid at you.
The splash of acid hits you but does no damage.
The oklob plant spits acid at you. The splash of acid hits you!
The oklob plant spits acid at you. The splash of acid hits you.
You die...

....$PPP(..
....PPP..
#....[.. #......
#..... #....
#...# #..@# #...#
#...# .####...#
........#
........# #
P.#...#.#######.#
................#
................#


You could see an oklob plant.

Vanquished Creatures
  A boulder beetle (D:10)
  4 two-headed ogres
  An orange crystal statue (D:10)
  An elephant (D:11)
  Maggie (D:6)
  4 trolls
  A hornet (D:8)
  A shadow (D:9)
  Sigmund (D:2)
  A wraith (D:11)
  A ynoxinul (D:10)
  3 wyverns
  23 yaks
  2 basilisks (D:11)
  A steam dragon (D:6)
  3 water moccasins
  5 orc warriors
  2 ice beasts (D:8)
  4 black bears
  An ogre (D:6)
  3 sky beasts
  6 centaurs
  2 phantoms (D:6)
  2 kobold brigands (D:9)
  2 wyvern zombies (D:6)
  3 gnoll sergeants (D:8)
  2 bullfrogs
  3 necrophages (D:6)
  3 scorpions
  3 wights (D:10)
  A wyvern skeleton (D:6)
  17 killer bees
  3 electric eels (D:6)
  2 bullfrog zombies (D:6)
  2 centaur zombies (D:6)
  4 hounds
  6 orc priests
  3 gnoll boudas
  2 jellies
  A bullfrog skeleton (D:6)
  A centaur skeleton (D:6)
  3 iguanas
  6 orc wizards
  A killer bee zombie (D:6)
  A howler monkey zombie (D:6)
  29 gnolls
  A howler monkey skeleton (D:6)
  3 adders
  2 shadow imps
  2 white imps (D:8)
  A worm (D:2)
  A dart slug (D:5)
  36 orcs
  9 ball pythons
  6 bats
  3 endoplasms
  4 giant cockroaches
  9 goblins
  11 hobgoblins
  6 jackals
  3 quokkas
  4 frilled lizards
  11 kobolds
  2 rats
286 creatures vanquished.

Vanquished Creatures (collateral kills)
  A hydra (D:8)
  3 killer bees (D:8)
4 creatures vanquished.

Vanquished Creatures (others)
  16 plants (D:8)
16 creatures vanquished.

Grand Total: 306 creatures vanquished

Notes
Turn   | Place    | Note
-------+----------+-------------------------------------------
     0 | D:1      | qw the Gargoyle Berserker began the quest for the Orb.
     0 | D:1      | Reached XP level 1. HP: 14/14 MP: 1/1
     0 | D:1      | 0 ||| qw: Version: 0.1-a-104-g96f76f8
     0 | D:1      | 0 ||| qw: Game counter: 5881
     0 | D:1      | 0 ||| qw: Always use a shield: true
     0 | D:1      | 0 ||| qw: Do Orc after D:15 true
     0 | D:1      | 0 ||| qw: Do second Lair branch before Depths: true
     0 | D:1      | 0 ||| qw: Lair rune preference: random
     0 | D:1      | 0 ||| qw: Plans: Normal
     0 | D:1      | 0 ||| PLANNING D:1-11
   135 | D:1      | 135 ||| INVOKING Berserk.
   137 | D:1      | Reached skill level 3 in Axes
   351 | D:1      | Reached XP level 2. HP: 19/19 MP: 2/2
   550 | D:1      | 550 ||| INVOKING Berserk.
   556 | D:1      | Reached XP level 3. HP: 22/23 MP: 3/3
   832 | D:1      | Found Ibocuahe's Armour Boutique.
   862 | D:1      | 862 ||| SHOPLISTING +0 buckler (63 gold, have 42).
   862 | D:1      | 862 ||| SHOPLISTING +0 chain mail (63 gold, have 42).
   862 | D:1      | 862 ||| SHOPLISTING +0 cloak (63 gold, have 42).
   862 | D:1      | 862 ||| SHOPLISTING +0 ring mail (56 gold, have 42).
   862 | D:1      | 862 ||| SHOPLISTING +1 ring mail "Wid Bud" {rC+ Str-5 Int+4
                  | Slay+3} (469 gold, have 42).
   862 | D:1      | 862 ||| SHOPLISTING +4 plate armour of cold resistance (700
                  | gold, have 42).
  1001 | D:1      | Reached ** piety under Trog
  1351 | D:1      | 1351 ||| UPGRADING to +0 pair of boots.
  1356 | D:1      | 1356 ||| UPGRADING to +2 pair of gloves.
  1361 | D:1      | 1361 ||| UPGRADING to +0 leather armour.
  1371 | D:1      | 1371 ||| DROPPING +0 animal skin.
  1372 | D:1      | 1372 ||| READING 2 scrolls labelled VENEG XOUPN.
  1373 | D:1      | 1373 ||| READING 2 scrolls labelled EMMOIGH ABYV.
  1376 | D:1      | 1376 ||| READING 2 scrolls labelled FESMIMPOWUA.
  1376 | D:1      | Identified 2 scrolls of acquirement
  1376 | D:1      | 1376 ||| ACQUIRING -1 helmet "Yreixta" {Will+ Str+6}
  1376 | D:1      | Acquired the -1 helmet "Yreixta" {Will+ Str+6}
  1378 | D:1      | 1378 ||| UPGRADING to -1 helmet "Yreixta" {Will+ Str+6}.
  1383 | D:1      | 1383 ||| READING scroll of acquirement.
  1383 | D:1      | 1383 ||| ACQUIRING +5 hand axe of the Charming Augurer
                  | {protect, Fly rC+}
  1383 | D:1      | Acquired the +5 hand axe of the Charming Augurer {protect,
                  | Fly rC+}
  1385 | D:1      | 1385 ||| SWAPPING to +5 hand axe of the Charming Augurer
                  | {protect, Fly rC+}.
  1386 | D:1      | 1386 ||| DROPPING +0 hand axe.
  1387 | D:1      | 1387 ||| READING scroll labelled WIXUDU TOLUMOBIL.
  1388 | D:1      | 1388 ||| DROPPING scroll of immolation.
  1408 | D:2      | 1408 ||| INVOKING Berserk.
  1411 | D:2      | Reached skill level 4 in Axes
  1415 | D:2      | 1415 ||| STAIRDANCE
  1612 | D:2      | 1612 ||| Stepping ~*~*~tactically~*~*~ (stealth).
  1679 | D:2      | 1679 ||| INVOKING Berserk.
  1687 | D:2      | Reached XP level 4. HP: 28/28 MP: 4/4
  1736 | D:2      | 1736 ||| DROPPING +0 club.
  1915 | D:2      | 1915 ||| Stepping ~*~*~tactically~*~*~ (stealth).
  1969 | D:2      | Noticed Sigmund
  1970 | D:2      | 1970 ||| Stepping ~*~*~tactically~*~*~ (hiding).
  1973 | D:2      | 1973 ||| INVOKING Berserk.
  1977 | D:2      | Killed Sigmund
  1978 | D:2      | Reached skill level 6 in Axes
  1978 | D:2      | Reached XP level 5. HP: 32/32 MP: 5/5
  1978 | D:2      | Reached XP level 6. HP: 37/37 MP: 6/6
  2180 | D:2      | 2180 ||| UPGRADING to +0 ring mail.
  2190 | D:2      | 2190 ||| DROPPING +0 leather armour.
  2191 | D:2      | 2191 ||| READING scroll labelled RIULYW LUWO.
  2244 | D:2      | 2244 ||| READING scroll labelled SYURECV NAXKES.
  2245 | D:2      | 2245 ||| DRINKING 2 smoky coppery potions.
  2246 | D:2      | 2246 ||| DRINKING 2 emerald potions.
  2247 | D:2      | 2247 ||| DRINKING 2 bubbling amethyst potions.
  2247 | D:2      | Gained mutation: You are strong-willed. (Will+) [potion of
                  | mutation]
  2248 | D:2      | 2248 ||| DROPPING potion of brilliance.
  2249 | D:2      | 2249 ||| DROPPING potion of degeneration.
  2272 | D:3      | Found a faded altar of an unknown god.
  2283 | D:3      | 2283 ||| Stepping ~*~*~tactically~*~*~ (hiding).
  2285 | D:3      | 2285 ||| INVOKING Berserk.
  2719 | D:3      | 2719 ||| Stepping ~*~*~tactically~*~*~ (stealth).
  2793 | D:3      | Found a blossoming altar of Fedhas.
  2797 | D:3      | Found a broken altar of Ashenzari.
  2797 | D:3      | Found an iron altar of Okawaru.
  2894 | D:3      | 2894 ||| Stepping ~*~*~tactically~*~*~ (stealth).
  2910 | D:3      | 2910 ||| Stepping ~*~*~tactically~*~*~ (stealth).
  3127 | D:3      | 3127 ||| UPGRADING to +0 scale mail.
  3137 | D:3      | 3137 ||| UPGRADING to +0 buckler.
  3142 | D:3      | 3142 ||| UPGRADING to +0 chain mail.
  3152 | D:3      | 3152 ||| DROPPING +0 scale mail.
  3153 | D:3      | 3153 ||| DROPPING +0 ring mail.
  3154 | D:3      | 3154 ||| READING scroll labelled YSAZEH RIKIFU.
  3155 | D:3      | 3155 ||| DRINKING 2 red potions.
  3156 | D:3      | 3156 ||| DROPPING potion of attraction.
  3284 | D:4      | 3284 ||| Stepping ~*~*~tactically~*~*~ (stealth).
  3291 | D:4      | Noticed a black bear
  3297 | D:4      | 3297 ||| INVOKING Berserk.
  3300 | D:4      | Killed a black bear
  3463 | D:4      | Found a runed translucent door.
  3464 | D:4      | Noticed Crazy Yiuf
  3491 | D:4      | 3491 ||| Stepping ~*~*~tactically~*~*~ (stealth).
  3519 | D:4      | Reached skill level 3 in Armour
  3519 | D:4      | Reached XP level 7. HP: 43/43 MP: 7/7
  3821 | D:4      | Reached skill level 3 in Shields
  3931 | D:4      | 3931 ||| DROPPING +6 ring of intelligence.
  3932 | D:4      | 3932 ||| READING scroll labelled HOGUEPN NUSMO.
  3933 | D:4      | 3933 ||| READING 3 scrolls of identify.
  3933 | D:4      | 3933 ||| IDENTIFYING sedimented inky potion
  3934 | D:4      | 3934 ||| READING 2 scrolls of identify.
  3934 | D:4      | 3934 ||| IDENTIFYING puce potion
  3970 | D:5      | Entered Level 5 of the Dungeon
  3982 | D:5      | Found Qitoquwa's Antique Armour Shop.
  4006 | D:5      | 4006 ||| BUYING cloak (121 gold).
  4006 | D:5      | Bought a cloak for 121 gold pieces
  4006 | D:5      | 4006 ||| SHOPLISTING pair of embroidered gloves (202 gold,
                  | have 47).
  4006 | D:5      | 4006 ||| SHOPLISTING runed fire dragon scales (1701 gold,
                  | have 47).
  4077 | D:5      | 4077 ||| INVOKING Berserk.
  4214 | D:5      | 4214 ||| Stepping ~*~*~tactically~*~*~ (hiding).
  4327 | D:5      | Found a hazy altar of Hepliaklqana.
  4354 | D:5      | 4354 ||| INVOKING Berserk.
  4466 | D:5      | 4466 ||| Stepping ~*~*~tactically~*~*~ (stealth).
  4470 | D:5      | Reached skill level 7 in Axes
  4499 | D:5      | Reached XP level 8. HP: 29/49 MP: 8/8
  4511 | D:5      | 4511 ||| INVOKING Berserk.
  4669 | D:5      | Found Syteadeb's Armour Emporium.
  4677 | D:5      | 4677 ||| SHOPLISTING +3 chain mail of Cheibriados's Hatred
                  | {rN+ Int+3 Dex+2} (576 gold, have 102).
  4680 | D:5      | Found Diec Saon's Weapon Shoppe.
  4847 | D:5      | Found Congotas's Assorted Antiques.
  4853 | D:5      | 4853 ||| BUYING dark potion (25 gold).
  4853 | D:5      | Bought a dark potion for 25 gold pieces
  4853 | D:5      | 4853 ||| BUYING sapphire potion (25 gold).
  4853 | D:5      | Bought a sapphire potion for 25 gold pieces
  4954 | D:5      | 4954 ||| INVOKING Berserk.
  5146 | D:5      | 5146 ||| UPGRADING to +0 plate armour.
  5156 | D:5      | 5156 ||| DROPPING +0 chain mail.
  5157 | D:5      | 5157 ||| UPGRADING to +0 cloak.
  5162 | D:5      | 5162 ||| READING scroll labelled ISUTOR ZAFF.
  5163 | D:5      | 5163 ||| READING scroll labelled KYISUODETA.
  5164 | D:5      | 5164 ||| READING scroll labelled KUED VELUEXI.
  5165 | D:5      | 5165 ||| READING scroll labelled RYN TAOROG.
  5166 | D:5      | 5166 ||| DRINKING 2 sapphire potions.
  5167 | D:5      | 5167 ||| DRINKING 2 dark potions.
  5213 | D:5      | 5213 ||| DROPPING potion of lignification.
  5229 | D:6      | 5229 ||| INVOKING Berserk.
  5234 | D:6      | 5234 ||| STAIRDANCE
  5341 | D:6      | 5341 ||| Stepping ~*~*~tactically~*~*~ (stealth).
  5343 | D:6      | 5343 ||| INVOKING Berserk.
  5355 | D:6      | Reached skill level 8 in Axes
  5436 | D:6      | 5436 ||| INVOKING Berserk.
  5570 | D:6      | 5570 ||| Stepping ~*~*~tactically~*~*~ (hiding).
  5573 | D:6      | 5573 ||| INVOKING Berserk.
  5577 | D:6      | Reached skill level 6 in Fighting
  5710 | D:6      | 5710 ||| READING scroll of acquirement.
  5710 | D:6      | 5710 ||| ACQUIRING ring of the Inviting Gods {rN+ Str+6
                  | Int+2}
  5710 | D:6      | Acquired the ring of the Inviting Gods {rN+ Str+6 Int+2}
  5712 | D:6      | 5712 ||| UPGRADING to ring of the Inviting Gods {rN+ Str+6
                  | Int+2}.
  5839 | D:6      | 5839 ||| Stepping ~*~*~tactically~*~*~ (stealth).
  5840 | D:6      | 5840 ||| Stepping ~*~*~tactically~*~*~ (stealth).
  5842 | D:6      | 5842 ||| INVOKING Berserk.
  5848 | D:6      | Reached XP level 9. HP: 55/55 MP: 9/9
  5880 | D:6      | Reached skill level 6 in Armour
  5882 | D:6      | 5882 ||| FLEEEEING.
  5883 | D:6      | 5883 ||| FLEEEEING.
  5884 | D:6      | 5884 ||| STAIRDANCE
  5974 | D:6      | 5974 ||| Stepping ~*~*~tactically~*~*~ (stealth).
  5975 | D:6      | 5975 ||| Stepping ~*~*~tactically~*~*~ (stealth).
  5993 | D:6      | 5993 ||| Stepping ~*~*~tactically~*~*~ (stealth).
  5996 | D:6      | 5996 ||| Stepping ~*~*~tactically~*~*~ (stealth).
  6002 | D:6      | 6002 ||| INVOKING Berserk.
  6028 | D:6      | Reached *** piety under Trog
  6131 | D:6      | 6131 ||| INVOKING Berserk.
  6132 | D:6      | 6132 ||| INVOKING Berserk.
  6137 | D:6      | Reached skill level 9 in Axes
  6413 | D:6      | 6413 ||| INVOKING Berserk.
  6558 | D:6      | 6558 ||| INVOKING Berserk.
  6750 | D:6      | Found a basalt altar of Yredelemnul.
  6794 | D:6      | Noticed Maggie
  6809 | D:6      | Killed Maggie
  6949 | D:7      | Identified the +11 short sword of Xocaoz {holy, Drain Fly
                  | rElec rPois}
  7023 | D:7      | Reached XP level 10. HP: 63/63 MP: 10/10
  7024 | D:7      | Found a staircase to the Ecumenical Temple.
  7029 | D:7      | 7029 ||| INVOKING Berserk.
  7323 | D:7      | Found an ancient bone altar of Kikubaaqudgha.
  7323 | D:7      | Found a white marble altar of Elyvilon.
  7576 | D:7      | 7576 ||| Stepping ~*~*~tactically~*~*~ (hiding).
  7585 | D:7      | Reached skill level 10 in Axes
  7731 | D:7      | 7731 ||| Stepping ~*~*~tactically~*~*~ (stealth).
  7732 | D:7      | 7732 ||| Stepping ~*~*~tactically~*~*~ (stealth).
  7751 | D:7      | 7751 ||| Stepping ~*~*~tactically~*~*~ (stealth).
  7752 | D:7      | 7752 ||| Stepping ~*~*~tactically~*~*~ (stealth).
  7753 | D:7      | 7753 ||| Stepping ~*~*~tactically~*~*~ (stealth).
  7755 | D:7      | 7755 ||| Stepping ~*~*~tactically~*~*~ (hiding).
  7757 | D:7      | 7757 ||| Stepping ~*~*~tactically~*~*~ (hiding).
  7777 | D:7      | 7777 ||| Stepping ~*~*~tactically~*~*~ (hiding).
  7778 | D:7      | 7778 ||| Stepping ~*~*~tactically~*~*~ (hiding).
  8073 | D:7      | 8073 ||| READING 2 scrolls of identify.
  8073 | D:7      | 8073 ||| IDENTIFYING white potion
  8074 | D:7      | 8074 ||| DROPPING potion of invisibility.
  8255 | D:8      | Reached skill level 1 in Throwing
  8257 | D:8      | Found Soath's Antique Armour Shop.
  8267 | D:8      | 8267 ||| Stepping ~*~*~tactically~*~*~ (stealth).
  8268 | D:8      | 8268 ||| Stepping ~*~*~tactically~*~*~ (stealth).
  8270 | D:8      | 8270 ||| Stepping ~*~*~tactically~*~*~ (hiding).
  8271 | D:8      | 8271 ||| Stepping ~*~*~tactically~*~*~ (hiding).
  8450 | D:8      | 8450 ||| INVOKING Berserk.
  8578 | D:8      | Found a glowing silver altar of Zin.
  8653 | D:8      | You are sucked into a shaft and drop 3 floors!
  8806 | D:10     | Entered Level 10 of the Dungeon
  8849 | D:10     | Noticed a two-headed ogre
  8854 | D:10     | 8854 ||| INVOKING Berserk.
  8857 | D:10     | Killed a two-headed ogre
  8858 | D:10     | Reached skill level 6 in Shields
  8992 | D:10     | 8992 ||| INVOKING Berserk.
  9192 | D:10     | 9192 ||| Stepping ~*~*~tactically~*~*~ (hiding).
  9193 | D:10     | 9193 ||| INVOKING Berserk.
  9219 | D:10     | Noticed a two-headed ogre
  9220 | D:10     | 9220 ||| Stepping ~*~*~tactically~*~*~ (stealth).
  9230 | D:10     | HP: 3/64 [two-headed ogre/+0 giant spiked club (16)]
  9231 | D:10     | 9231 ||| READING 3 scrolls of teleportation.
  9232 | D:10     | 9232 ||| DRINKING potion of heal wounds.
  9484 | D:10     | Noticed a boulder beetle
  9489 | D:10     | 9489 ||| INVOKING Berserk.
  9496 | D:10     | Killed a boulder beetle
  9586 | D:10     | Noticed an orange crystal statue
  9587 | D:10     | Noticed a cyclops
  9590 | D:10     | 9590 ||| INVOKING Berserk.
  9631 | D:10     | 9631 ||| DRINKING 2 potions of curing.
  9631 | D:10     | 9631 ||| (to cure confusion)
  9635 | D:10     | HP: 14/64 [gnoll/+0 spear[an orange crystal statue] (4)]
  9636 | D:10     | 9636 ||| READING 2 scrolls of teleportation.
  9637 | D:10     | HP: 6/64 [something (7)]
  9640 | D:10     | 9640 ||| READING scroll of teleportation.
  9641 | D:10     | HP: 2/64 [something (2)]
  9745 | D:10     | 9745 ||| Invisible monster not found???
 10026 | D:10     | Found a shimmering blue altar of Sif Muna.
 10038 | D:10     | Found a bloodstained altar of Trog.
 10043 | D:10     | 10043 ||| DROPPING +0 flail.
 10223 | D:10     | 10223 ||| INVOKING Berserk.
 10240 | D:10     | Killed an orange crystal statue
 10241 | D:10     | Reached skill level 11 in Axes
 10241 | D:10     | Reached XP level 11. HP: 51/68 MP: 1/11
 10545 | D:10     | Found a shimmering altar of Xom.
 10550 | D:10     | Found a shimmering altar of Xom.
 10550 | D:10     | Noticed a two-headed ogre
 10554 | D:10     | 10554 ||| INVOKING Berserk.
 10560 | D:10     | Killed a two-headed ogre
 10561 | D:10     | Reached skill level 3 in Dodging
 10583 | D:10     | 10583 ||| Stepping ~*~*~tactically~*~*~ (stealth).
 10594 | D:10     | Killed a two-headed ogre
 10800 | D:10     | 10800 ||| DROPPING scarf of harm.
 10801 | D:10     | 10801 ||| UPGRADING to +6 ring of strength.
 10802 | D:10     | 10802 ||| DROPPING ring of protection from cold.
 10803 | D:10     | 10803 ||| DRINKING 2 orange potions.
 10904 | D:10     | 10904 ||| DROPPING potion of ambrosia.
 10915 | D:9      | 10915 ||| Stepping ~*~*~tactically~*~*~ (hiding).
 10938 | D:9      | Reached skill level 9 in Fighting
 11062 | D:8      | 11062 ||| Stepping ~*~*~tactically~*~*~ (hiding).
 11064 | D:8      | 11064 ||| Stepping ~*~*~tactically~*~*~ (hiding).
 11073 | D:8      | Reached **** piety under Trog
 11101 | D:8      | 11101 ||| INVOKING Berserk.
 11180 | D:8      | 11180 ||| Stepping ~*~*~tactically~*~*~ (stealth).
 11194 | D:8      | Reached skill level 12 in Axes
 11215 | D:8      | 11215 ||| Stepping ~*~*~tactically~*~*~ (stealth).
 11218 | D:8      | 11218 ||| Stepping ~*~*~tactically~*~*~ (stealth).
 11219 | D:8      | 11219 ||| Stepping ~*~*~tactically~*~*~ (stealth).
 11220 | D:8      | 11220 ||| Stepping ~*~*~tactically~*~*~ (stealth).
 11223 | D:8      | 11223 ||| Stepping ~*~*~tactically~*~*~ (stealth).
 11225 | D:8      | 11225 ||| Stepping ~*~*~tactically~*~*~ (stealth).
 11256 | D:8      | 11256 ||| Stepping ~*~*~tactically~*~*~ (stealth).
 11281 | D:8      | 11281 ||| Stepping ~*~*~tactically~*~*~ (stealth).
 11458 | D:8      | 11458 ||| Stepping ~*~*~tactically~*~*~ (stealth).
 11459 | D:8      | 11459 ||| Stepping ~*~*~tactically~*~*~ (stealth).
 11467 | D:8      | Noticed a six-headed hydra
 11468 | D:8      | 11468 ||| Stepping ~*~*~tactically~*~*~ (stealth).
 11470 | D:8      | 11470 ||| INVOKING Brothers in Arms.
 11471 | D:8      | 11471 ||| INVOKING Brothers in Arms.
 11475 | D:8      | 11475 ||| SWAPPING to +0 morningstar of flaming.
 11477 | D:8      | 11477 ||| INVOKING Berserk.
 11479 | D:8      | Killed a six-headed hydra
 11480 | D:8      | Reached skill level 9 in Armour
 11484 | D:8      | 11484 ||| SWAPPING to +5 hand axe of the Charming Augurer
                  | {protect, Fly rC+}.
 11601 | D:8      | Found the +1 robe of Vines {NoPotionHeal Regen++++}
 11643 | D:8      | 11643 ||| INVOKING Berserk.
 11930 | D:8      | 11930 ||| READING 4 scrolls of identify.
 11930 | D:8      | 11930 ||| IDENTIFYING gluggy clear potion
 11931 | D:8      | 11931 ||| READING 3 scrolls of identify.
 11931 | D:8      | 11931 ||| IDENTIFYING inky potion
 11932 | D:8      | 11932 ||| DROPPING potion of magic.
 11954 | D:9      | 11954 ||| INVOKING Berserk.
 11972 | D:9      | 11972 ||| STAIRDANCE
 12142 | D:9      | 12142 ||| Stepping ~*~*~tactically~*~*~ (hiding).
 12197 | D:9      | 12197 ||| Stepping ~*~*~tactically~*~*~ (hiding).
 12202 | D:9      | 12202 ||| INVOKING Berserk.
 12324 | D:9      | 12324 ||| READING scroll of enchant armour.
 12324 | D:9      | 12324 ||| ENCHANTING +0 pair of boots.
 12353 | D:9      | Found a shadowy altar of Dithmenos.
 12359 | D:9      | 12359 ||| Stepping ~*~*~tactically~*~*~ (stealth).
 12449 | D:9      | 12449 ||| Stepping ~*~*~tactically~*~*~ (stealth).
 12485 | D:9      | 12485 ||| INVOKING Berserk.
 12690 | D:9      | 12690 ||| Stepping ~*~*~tactically~*~*~ (hiding).
 12986 | D:9      | 12986 ||| READING scroll labelled OVICUN WOE.
 13030 | D:10     | Found a stormy altar of Qazlal.
 13051 | D:10     | 13051 ||| INVOKING Berserk.
 13055 | D:10     | Reached XP level 12. HP: 77/77 MP: 12/12
 13267 | D:11     | 13267 ||| STAIRDANCE
 13364 | D:11     | Noticed a two-headed ogre
 13373 | D:11     | Killed a two-headed ogre
 13374 | D:11     | Reached skill level 13 in Axes
 13438 | D:11     | Found Logaogoh's General Store.
 13449 | D:11     | 13449 ||| BUYING potion of cancellation (96 gold).
 13449 | D:11     | Bought a potion of cancellation for 96 gold pieces
 13459 | D:11     | 13459 ||| Stepping ~*~*~tactically~*~*~ (stealth).
 13481 | D:11     | 13481 ||| INVOKING Berserk.
 13690 | D:11     | Found a staircase to the Lair.
 13810 | D:11     | 13810 ||| Stepping ~*~*~tactically~*~*~ (stealth).
 13811 | D:11     | 13811 ||| Stepping ~*~*~tactically~*~*~ (stealth).
 13813 | D:11     | 13813 ||| Stepping ~*~*~tactically~*~*~ (stealth).
 13848 | D:11     | Found a runed translucent gate.
 13848 | D:11     | Found a runed translucent gate.
 13848 | D:11     | Found a runed translucent gate.
 14046 | D:11     | 14046 ||| READING scroll of teleportation.
 14047 | D:11     | 14047 ||| PLANNING LAIR
 14163 | Lair:1   | Entered Level 1 of the Lair of Beasts
 14256 | Lair:1   | HP: 7/77 [oklob plant/splash of acid (33)]
 14257 | Lair:1   | 14257 ||| DRINKING potion of heal wounds.
 14261 | Lair:1   | 14261 ||| DRINKING 3 potions of cancellation.
 14266 | Lair:1   | HP: 7/77 [oklob plant/splash of acid (8)]
 14288 | Lair:1   | HP: 1/77 [oklob plant/splash of acid (11)]
 14292 | Lair:1   | Killed from afar by an oklob plant

Levels and vault maps discovered:
D:1:      dpeg_arrival_long_road, layout_basic, serial_shops, shop_statue
D:2:      layout_loops_ring, uniq_sigmund
D:3:      layout_basic, grunt_temple_overflow_diamond, basic_ecumenical_altar,
          st_stairs_12
D:4:      layout_basic, uniq_crazy_yiuf_cottage
D:5:      layout_loops_cross, nicolae_hepliaklqana_hazy_memory, serial_shops,
          nicolae_lakefront_shop, shop, shop, nicolae_shop_waterfront
D:6:      cheibrodos_helix_gallery, layout_cave_pools,
          mainiacjoe_overflow_catwalk, serial_undead, serial_undead_a,
          serial_undead_c, serial_undead_a, serial_undead_f, serial_undead_e,
          serial_undead_f, uniq_maggie
D:7:      layout_basic, chequers_temple_overflow_statue_of_worship,
          temple_fountains
D:8:      minmay_recursive_quarters, layout_loops_cross, zin_treasury,
          serial_shops, shop, hellmonk_guarded_unrand_vines
D:9:      layout_stronghold, grunt_dithmenos_smoke_and_mirrors, enter_bailey_3,
          minivault_26
D:10:     layout_loops_corners, nzn_overflow_gifts_of_might_and_magic,
          xom_redecorated, grunt_qazlal_sundering, minivault_16
D:11:     layout_roguey, david_lair_generic,
          ploomutoo_gammafunk_ghost_potion_laboratory, serial_shops,
          nicolae_shop_advertising_works [nicolae_subvault_shop_adworks],
          lemuel_another_geyser
Lair:1:   layout_gridlike, portal_ice_cave_entry_ice_simulacra,
          minmay_lair_oklob_bushes, grunt_megastairs_3, uniq_erica,
          uniq_prince_ribbit2

Skill      XL: |  1  2  3  4  5  6  7  8  9 10 11 12 |
---------------+-------------------------------------+-----
Axes           | 3 4 6 7 8 9 11 12 13 | 13.0
Fighting       | 4 5 6 7 8 10 | 10.0
Shields        | 2 3 4 6 |  6.1
Armour         | 3 5 7 8 9 10 | 10.0
Throwing       | 1 2 |  2.1
Dodging        | 3 |  3.1

Action                   |  1- 3 |  4- 6 |  7- 9 | 10-12 || total
-------------------------+-------+-------+-------+-------++-------
Melee: Hand axe          |    85 |    96 |   282 |   570 ||  1033
       Morningstar       |       |       |       |     4 ||     4
Throw: Boomerang         |       |       |       |    51 ||    51
Invok: Berserk           |     4 |     3 |    13 |    17 ||    37
       Brothers in Arms  |       |       |       |     1 ||     1
  Use: Scroll            |     5 |     3 |     8 |     9 ||    25
       Potion            |       |     4 |     2 |     5 ||    11
Armor: Animal skin       |    32 |       |       |       ||    32
       Leather armour    |     5 |     1 |       |       ||     6
       Ring mail         |       |    21 |       |       ||    21
       Chain mail        |       |    16 |    84 |       ||   100
       Plate armour      |       |       |   119 |   384 ||   503
Dodge: Dodged            |    51 |    29 |    95 |   198 ||   373
Block: Buckler           |       |     8 |    50 |    99 ||   157

Table legend:
 A = Non-vault XP
 B = Vault XP
 C = Vault XP percentage of total XP
 D = Non-vault monster count
 E = Vault monster count
 F = Vault count percentage of total count
                 A         B        C        D         E       F
            +---------+---------+-------+---------+---------+-------
      Total |   16955 |    6195 |  26.8 |     247 |      43 |  14.8
            +---------+---------+-------+---------+---------+-------
        D:1 |      49 |       0 |   0.0 |      21 |       0 |   0.0
        D:2 |      65 |     223 |  77.4 |      15 |       1 |   6.2
        D:3 |      82 |       1 |   1.2 |      14 |       1 |   6.7
        D:4 |     287 |       0 |   0.0 |      23 |       0 |   0.0
        D:5 |     882 |       0 |   0.0 |      27 |       0 |   0.0
        D:6 |    1541 |    1404 |  47.7 |      29 |      17 |  37.0
        D:7 |     573 |       0 |   0.0 |      11 |       0 |   0.0
        D:8 |    2606 |    2222 |  46.0 |      36 |      13 |  26.5
        D:9 |    2551 |       8 |   0.3 |      39 |       4 |   9.3
       D:10 |    4930 |    1257 |  20.3 |      18 |       3 |  14.3
       D:11 |    3093 |    1080 |  25.9 |      12 |       4 |  25.0
     Lair:1 |     296 |       0 |   0.0 |       2 |       0 |   0.0
            +---------+---------+-------+---------+---------+-------
